 Dungeon Crawl Stone Soup version 0.23.2-1-ga50397a6bc (webtiles) character file.

Game seed: 7844437227936187545

821 Jannitor the Stinger (level 7, -5/32 HPs)
             Began as a Vine Stalker Venom Mage on May 2, 2019.
             Slain by a centaur (8 damage)
             ... on level 5 of the Dungeon.
             The game lasted 00:08:05 (4507 turns).

Jannitor the Stinger (Vine Stalker Venom Mage)      Turns: 4507, Time: 00:08:06

Health: -5/32      AC:  7    Str: 11    XL:     7   Next: 95%
Magic:  0/17       EV: 12    Int: 16    God:
Gold:   65         SH:  0    Dex: 15    Spells: 6/18 levels left

rFire    . . .     SeeInvis .   e - +0 whip (venom)
rCold    + . .     Gourm    .   (no shield)
rNeg     . . .     Faith    .   q - +2 leather armour {rC+}
rPois    .         Spirit   +   (no helmet)
rElec    .         Reflect  .   j - +0 cloak
rCorr    .         Harm     .   p - +0 pair of gloves
MR       .....                  (no boots)
Stlth    ++........             (no amulet)
HPRegen  0.50/turn              (no ring)
MPRegen  0.15/turn              (no ring)

@: no status effects
A: fangs 2, regeneration 1, magic shield, antimagic bite, no potion heal 3, rot
immunity
a: no special abilities


You were on level 5 of the Dungeon.
You were not hungry.

You visited 1 branch of the dungeon, and saw 5 of its levels.

You collected 219 gold pieces.
You spent 154 gold pieces at shops.

Inventory:

Hand Weapons
 e - a +0 whip of venom (weapon)
Armour
 a - a +0 robe
 j - a +0 cloak (worn)
 p - a +0 pair of gloves (worn)
 q - a +2 leather armour of cold resistance (worn)
Jewellery
 d - a +5 ring of intelligence {unknown}
Scrolls
 b - 2 scrolls of enchant weapon {unknown}
 g - a scroll of blinking
 h - a scroll of immolation {unknown}
 i - 4 scrolls of remove curse
 k - 3 scrolls of teleportation
 l - 5 scrolls of identify {unknown}
Potions
 m - 2 potions of curing
 n - a potion of lignification
 o - a potion of magic
 r - a potion of experience {unknown}
 s - a potion of ambrosia {unknown}
Comestibles
 c - 8 rations
 f - 7 chunks of flesh


   Skills:
 - Level 1.5 Dodging
 - Level 2.4 Stealth
 + Level 6.4 Spellcasting
 - Level 1.0 Conjurations
 + Level 6.8 Poison Magic


You had 6 spell levels left.
You knew the following spells:

 Your Spells              Type           Power        Failure   Level  Hunger
a - Sting                 Conj/Pois      ###.         3%          1    None
b - Poisonous Vapours     Pois/Air       ###...       6%          2    None
c - Venom Bolt            Conj/Pois      ###.......   67%         5    #####..
d - Olgreb's Toxic Radia  Pois           ####....     11%         4    ####...

Your spell library contained the following spells:

 Spells                   Type           Power        Failure   Level  Hunger
 Animate Skeleton         Necr           N/A          17%         1    None
 Mephitic Cloud           Conj/Pois/Air  ##......     19%         3    ##.....


Dungeon Overview and Level Annotations

Branches:
Dungeon (5/15)
 Temple: D:4-7

Altars:
Kikubaaqudgha
Sif Muna
Trog
Vehumet
Yredelemnul
The Shining One

Shops:
D:4 *

Annotations:
D:3 1 runed translucent door, Grinder; Sondor's ghost, amateur OgFi


Innate Abilities, Weirdness & Mutations

You have extremely sharp teeth.
Your natural rate of healing is unusually fast.
When hurt, damage is shared between your health and your magic reserves.
Your bite disrupts and absorbs the magic of your enemies.
Potions cannot restore your health.
You are immune to rotting.


Message History

The centaur looks even sicker.
The centaur hits you!
* * * LOW HITPOINT WARNING * * *
The centaur is engulfed in poison gas.
The centaur looks as sick as possible!
The centaur hits you but does no damage.
Okay, then.
Unknown command.
Unknown command.
Casting: Poisonous Vapours (safe; 6% risk of failure)
Confirm with . or Enter, or press ? or * to list all spells.
Okay, then.
Unknown command.
You hit the centaur.
The centaur looks as sick as possible!
The centaur is severely wounded.
The centaur hits you but does no damage.
The centaur hits you.
* * * LOW HITPOINT WARNING * * *
You completely miss the centaur.
The centaur is severely wounded.
The centaur hits you!
You die...

#........# #........#
#........# . ####
#........# .. ...#
#........# ...
...###........# ....
..............# .....
....##############......
............((((@cZ.....
...###############......
...# ##### ...# ...#
...# ...


You could see a centaur and a bullfrog skeleton.

Vanquished Creatures
  Edmund (D:4)
  A sky beast (D:5)
  An ogre (D:5)
  A centaur (D:5)
  A water moccasin skeleton (D:5)
  A hound (D:4)
  An orc priest (D:3)
  2 orc wizards
  4 worker ants
  A hound zombie (D:4)
  7 adders
  A shadow imp (D:5)
  An ooze (D:2)
  2 adder zombies (D:5)
  A worm (D:4)
  17 orcs
  A ball python (D:3)
  2 bats (D:3)
  10 giant cockroaches
  7 goblins
  7 hobgoblins
  2 jackals (D:2)
  3 frilled lizards
  4 kobolds
  6 rats
85 creatures vanquished.

Notes
Turn   | Place    | Note
-------+----------+-------------------------------------------
     0 | D:1      | Jannitor the Vine Stalker Venom Mage began the quest for
                  | the Orb.
     0 | D:1      | Reached XP level 1. HP: 9/9 MP: 4/4
   460 | D:1      | Reached XP level 2. HP: 13/13 MP: 2/6
  1089 | D:1      | Reached XP level 3. HP: 11/16 MP: 8/8
  1186 | D:2      | Found a faded altar of an unknown god.
  1562 | D:2      | Learned a level 2 spell: Poisonous Vapours
  1658 | D:2      | Gained mutation: Your natural rate of healing is unusually
                  | fast. [Vine Stalker growth]
  1658 | D:2      | Reached XP level 4. HP: 21/21 MP: 5/10
  1779 | D:2      | Found a glowing golden altar of the Shining One.
  2174 | D:3      | Reached XP level 5. HP: 23/24 MP: 11/11
  2451 | D:3      | Found a deep blue altar of Sif Muna.
  2452 | D:3      | Found an ancient bone altar of Kikubaaqudgha.
  2452 | D:3      | Found a radiant altar of Vehumet.
  2454 | D:3      | Identified Kikubaaqudgha's Compendium of Unholy Magic
  2456 | D:3      | Noticed Grinder
  2519 | D:3      | Found a basalt altar of Yredelemnul.
  2627 | D:3      | Found a glowing golden altar of the Shining One.
  2645 | D:3      | Found a runed translucent door.
  2645 | D:3      | Noticed Sondor's ghost (amateur OgFi)
  2976 | D:4      | Found a bloodstained altar of Trog.
  3185 | D:4      | Reached skill level 5 in Poison Magic
  3200 | D:4      | Reached XP level 6. HP: 25/28 MP: 5/14
  3267 | D:4      | Learned a level 5 spell: Venom Bolt
  3272 | D:4      | Learned a level 4 spell: Olgreb's Toxic Radiance
  3345 | D:4      | Found Ymon's General Store.
  3353 | D:4      | Bought a scroll of teleportation for 42 gold pieces
  3353 | D:4      | Bought a potion of magic for 112 gold pieces
  3698 | D:5      | Entered Level 5 of the Dungeon
  3701 | D:5      | Noticed Edmund
  3718 | D:4      | Killed Edmund
  3718 | D:4      | Reached skill level 5 in Spellcasting
  3884 | D:5      | Reached XP level 7. HP: 13/32 MP: 4/16
  4507 | D:5      | Slain by a centaur

Skill      XL: |  1  2  3  4  5  6  7 |
---------------+----------------------+-----
Spellcasting   | 3 4 5 6 |  6.4
Poison Magic   | 4 5 6 |  6.8
Dodging        | |  1.5
Stealth        | |  2.4
Conjurations   | |  1.0

Action                   |  1- 3 |  4- 6 |  7- 9 || total
-------------------------+-------+-------+-------++-------
Melee: Whip              |    45 |   115 |    46 ||   206
       Bite              |     6 |    37 |    14 ||    57
 Cast: Sting             |    21 |     2 |       ||    23
       Poisonous Vapours |     4 |    27 |    18 ||    49
  Use: Potion            |     4 |       |       ||     4
       Scroll            |       |     3 |       ||     3
 Stab: Sleeping          |     6 |     8 |       ||    14
  Eat: Chunk             |     3 |     7 |     3 ||    13
Armor: Robe              |     3 |    12 |       ||    15
       Skin              |     1 |       |       ||     1
       Leather armour    |       |     1 |    16 ||    17
Dodge: Dodged            |    19 |    97 |    28 ||   144
